Calgary Flames vs Winnipeg Jets
(R1)
Created - Wednesday, February 5, 2025 at 08:20
Goals
|
| Calgary Flames |
0 |
2 |
1 |
3 |
| Winnipeg Jets |
0 |
0 |
2 |
2 |
|
Shots
|
| Calgary Flames |
7 |
17 |
11 |
35 |
| Winnipeg Jets |
4 |
9 |
17 |
30 |
|
1st period
No Goal
Penalties :
Oliver Ekman-Larsson (WPG) for Delaying the game (Minor) at 0:48, Oliver Ekman-Larsson (WPG) for Tripping (Minor) at 4:51, Michael Kesselring (WPG) for Tripping (Minor) at 7:05, Jason Zucker (WPG) for High sticking (Minor) at 9:39, Alexis Lafreniere (WPG) for Goalie Interference (Minor) at 19:23
2nd period
1. Calgary Flames , Zach Hyman 2 (Pavel Zacha 2) at 4:58 (PP)
2. Calgary Flames , J.T. Miller 4 (Matthew Tkachuk 5) at 15:48
Penalties :
Alexis Lafreniere (WPG) for Interference (Minor) at 4:53, Barclay Goodrow (WPG) for Holding (Minor) at 19:37
3rd period
3. Calgary Flames , Matthew Tkachuk 1 (Chris Kreider 4) at 0:59 (PP)
4. Winnipeg Jets , Vladislav Namestnikov 1 (Connor McDavid 1, Olli Maatta 1) at 2:33
5. Winnipeg Jets , Jason Zucker 2 (Connor McDavid 2) at 5:40
Penalties :
Vladislav Namestnikov (WPG) for Holding (Minor) at 6:03, Jeremy Lauzon (CGY) for Tripping (Minor) at 9:29, Dylan Samberg (WPG) for High sticking (Minor) at 9:57, Zach Hyman (CGY) for High sticking (Minor) at 13:20, Jason Zucker (WPG) for High sticking (Minor) at 15:27
Goalie Stats
Ilya Sorokin (CGY), 28 saves from 30 shots - (0.933), W, 3-0-0, 60:00 minutes
Martin Jones (WPG), 32 saves from 35 shots - (0.914), L, 1-1-0, 59:27 minutes
Players Stats for Calgary Flames
Player Name G A P +/- PIM S H SB GA TA FO MP PP MP PK MP
------------------------------------------------------------------------------------
Bo Horvat 0 0 0 -1 0 3 1 0 0 0 1/5 9:58 0:10 0:00
Cale Makar 0 0 0 -1 0 4 1 0 2 1 0/0 24:56 8:07 1:13
Chris Kreider 0 1 1 0 0 6 2 1 0 1 2/4 22:41 7:31 1:03
Drew Doughty 0 0 0 -1 0 1 0 1 0 1 0/0 24:56 8:07 1:13
Filip Hronek 0 0 0 1 0 1 0 0 0 0 0/0 12:42 0:00 0:00
J.T. Miller 1 0 1 0 0 3 1 0 0 0 15/27 22:31 7:33 1:03
Jake Middleton 0 0 0 1 0 1 0 1 0 0 0/0 11:57 0:00 0:00
Jeremy Lauzon 0 0 0 -1 2 1 3 1 0 0 0/0 22:23 7:43 1:14
Joel Eriksson Ek 0 0 0 0 0 0 1 0 0 0 0/1 13:06 0:00 1:24
Kris Letang 0 0 0 -1 0 1 2 2 0 0 0/0 23:07 7:41 1:14
Mathieu Joseph 0 0 0 0 0 0 1 0 0 0 0/0 6:07 0:00 0:00
Matthew Tkachuk 1 1 2 0 0 4 1 1 1 0 0/2 20:21 7:29 0:00
Nic Dowd 0 0 0 0 0 0 1 1 0 0 0/0 6:43 0:17 0:00
Nicholas Paul 0 0 0 0 0 1 1 0 0 0 1/2 6:16 0:00 0:00
Oliver Bjorkstrand 0 0 0 -1 0 1 1 0 0 0 0/0 9:39 0:01 0:00
Pavel Zacha 0 1 1 -1 0 1 0 2 0 0 1/1 17:18 8:07 0:00
Sebastian Aho 0 0 0 0 0 3 2 0 0 0 13/23 21:36 8:07 1:24
Zach Hyman 1 0 1 0 2 4 1 0 0 0 0/1 19:43 8:07 0:00
Players Stats for Winnipeg Jets
Player Name G A P +/- PIM S H SB GA TA FO MP PP MP PK MP
------------------------------------------------------------------------------------
Adam Lowry 0 0 0 0 0 3 2 0 1 1 3/6 17:54 0:00 7:36
Alexis Lafreniere 0 0 0 1 4 3 3 0 1 0 2/6 20:50 1:16 6:20
Andre Burakovsky 0 0 0 0 0 0 0 0 0 0 0/0 5:35 0:00 0:00
Barclay Goodrow 0 0 0 0 2 0 0 0 0 0 0/0 9:41 0:00 0:02
Connor Bedard 0 0 0 0 0 3 1 0 0 0 8/15 21:54 1:11 7:39
Connor McDavid 0 2 2 1 0 6 0 0 0 0 17/30 22:01 1:16 7:48
Dylan Samberg 0 0 0 0 2 0 2 4 0 0 0/0 22:36 1:07 7:43
Haydn Fleury 0 0 0 0 0 0 1 0 1 0 0/0 12:29 0:00 0:55
Jason Zucker 1 0 1 0 4 5 2 0 0 1 0/4 11:58 0:00 1:48
Joel Armia 0 0 0 0 0 1 1 0 0 0 0/0 12:56 1:11 0:00
Mason Appleton 0 0 0 0 0 0 0 0 0 0 1/1 12:56 1:11 0:00
Michael Kesselring 0 0 0 0 2 0 1 1 0 0 0/0 13:18 0:00 1:31
Nate Schmidt 0 0 0 1 0 1 0 2 0 1 0/0 25:09 1:19 7:32
Oliver Ekman-Larsson 0 0 0 1 4 1 2 5 0 0 0/0 23:40 1:19 5:47
Olli Maatta 0 1 1 0 0 1 2 2 0 0 0/0 23:57 1:08 8:08
Ridly Greig 0 0 0 0 0 0 1 0 0 0 1/2 5:35 0:00 0:00
Taylor Hall 0 0 0 0 0 2 0 0 0 0 0/0 7:03 0:00 0:23
Vladislav Namestnikov 1 0 1 1 2 4 1 0 0 0 1/2 12:59 1:16 0:00
3 Stars
1 - Matthew Tkachuk (CGY)
2 - J.T. Miller (CGY)
3 - Connor McDavid (WPG)
Power Play
Calgary Flames - 2 on 10 Attempt(s) - 20.00%
Winnipeg Jets - 0 on 2 Attempt(s) - 0.00%
Penalty Kill
Calgary Flames - 2 on 2 Attempt(s) - 100.00%
- Score 0 goal in Penalty Kill
Winnipeg Jets - 8 on 10 Attempt(s) - 80.00%
- Score 0 goal in Penalty Kill
Team Stat
Calgary Flames - Hits : 19 - Faceoff Wins : 33 - Blocked Shots : 10 - Penalty Minutes : 4
Winnipeg Jets - Hits : 19 - Faceoff Wins : 33 - Blocked Shots : 14 - Penalty Minutes : 20
Official
Referees : Kendrick Nicholson and Gord Dwyer
Linesman : Dan Kelly and Derek Nansen
Game Notes
No Game Note
Finance
Level 1 -- Attendance: 5567 (92.78%) -- Ticket Income $512,164
Level 2 -- Attendance: 5000 (100.00%) -- Ticket Income $275,000
Level 3 -- Attendance: 2741 (91.37%) -- Ticket Income $82,230
Level 4 -- Attendance: 5000 (100.00%) -- Ticket Income $110,000
Luxury Box -- Attendance: 899 (89.90%) -- Ticket Income $170,810
Game was played at the MTS Centre.
Total Attendance: 19207 (96.04%)
Total Ticket Income: $1,150,204
Other Income: $402,571
Total Income: $1,552,775
Calgary Flames
5 vs 5 Forward
Center Left Wing Right Wing Time % Phy DF OF
1 J.T. Miller Chris Kreider Matthew Tkachuk 30 0 3 2
2 Sebastian Aho Joel Eriksson Ek Zach Hyman 30 0 3 2
3 Bo Horvat Pavel Zacha Oliver Bjorkstrand 25 0 2 3
4 Nicholas Paul Nic Dowd Mathieu Joseph 15 1 2 2
5 vs 5 Defense
Defense Defense Time % Phy DF OF
1 Drew Doughty Cale Makar 35 0 2 3
2 Kris Letang Jeremy Lauzon 35 0 2 3
3 Filip Hronek Jake Middleton 30 1 2 2
4 Drew Doughty Cale Makar 0 1 2 2
PowerPlay Forward
Center Left Wing Right Wing Time % Phy DF OF
1 J.T. Miller Chris Kreider Matthew Tkachuk 50 1 2 2
2 Sebastian Aho Pavel Zacha Zach Hyman 50 1 2 2
PowerPlay Defense
Defense Defense Time % Phy DF OF
1 Drew Doughty Cale Makar 50 1 2 2
2 Kris Letang Jeremy Lauzon 50 1 2 2
Penalty Kill 4 Players Forward
Center Wing Time % Phy DF OF
1 J.T. Miller Chris Kreider 50 1 2 2
2 Sebastian Aho Joel Eriksson Ek 50 1 2 2
Penalty Kill 4 Players Defense
Defense Defense Time % Phy DF OF
1 Drew Doughty Cale Makar 50 1 2 2
2 Kris Letang Jeremy Lauzon 50 1 2 2
Penalty Kill - 3 Players Forward
Forward Time % Phy DF OF
1 J.T. Miller 50 1 2 2
2 Chris Kreider 50 1 2 2
Penalty Kill - 3 Players Defense
Defense Defense Time % Phy DF OF
1 Drew Doughty Cale Makar 50 1 2 2
2 Kris Letang Jeremy Lauzon 50 1 2 2
4 vs 4 Forward
Center Wing Time % Phy DF OF
1 J.T. Miller Chris Kreider 50 1 2 2
2 Sebastian Aho Joel Eriksson Ek 50 1 2 2
4 vs 4 Defense
Defense Defense Time % Phy DF OF
1 Drew Doughty Cale Makar 50 1 2 2
2 Kris Letang Jeremy Lauzon 50 1 2 2
Last Minutes Offensive
Center Left Wing Right Wing Defense Defense
J.T. Miller Chris Kreider Matthew Tkachuk Drew Doughty Cale Makar
Last Minutes Defensive
Center Left Wing Right Wing Defense Defense
J.T. Miller Chris Kreider Matthew Tkachuk Drew Doughty Cale Makar
Goaltenders
Starting : Ilya Sorokin
Backup : Samuel Montembeault
Extra Forwards
Normal : Nic Dowd, Bo Horvat, Nicholas Paul - PP : Nic Dowd, Bo Horvat - PK : Nicholas Paul
Extra Defensemen
Normal : Filip Hronek, Jake Middleton, Kris Letang - PP : Filip Hronek - PK : Jake Middleton, Kris Letang
Penalty Shots
J.T. Miller, Chris Kreider, Sebastian Aho, Joel Eriksson Ek, Bo Horvat
Scratches
None
Winnipeg Jets
5 vs 5 Forward
Center Left Wing Right Wing Time % Phy DF OF
1 Connor McDavid Alexis Lafreniere Vladislav Namestnikov 30 1 2 2
2 Connor Bedard Joel Armia Mason Appleton 30 1 2 2
3 Adam Lowry Barclay Goodrow Jason Zucker 25 1 2 2
4 Ridly Greig Taylor Hall Andre Burakovsky 15 1 2 2
5 vs 5 Defense
Defense Defense Time % Phy DF OF
1 Oliver Ekman-Larsson Nate Schmidt 35 1 2 2
2 Dylan Samberg Olli Maatta 35 1 2 2
3 Haydn Fleury Michael Kesselring 30 1 2 2
4 Oliver Ekman-Larsson Nate Schmidt 0 1 2 2
PowerPlay Forward
Center Left Wing Right Wing Time % Phy DF OF
1 Connor McDavid Alexis Lafreniere Vladislav Namestnikov 50 1 2 2
2 Connor Bedard Joel Armia Mason Appleton 50 1 2 2
PowerPlay Defense
Defense Defense Time % Phy DF OF
1 Oliver Ekman-Larsson Nate Schmidt 50 1 2 2
2 Dylan Samberg Olli Maatta 50 1 2 2
Penalty Kill 4 Players Forward
Center Wing Time % Phy DF OF
1 Connor McDavid Connor Bedard 50 1 2 2
2 Alexis Lafreniere Adam Lowry 50 1 2 2
Penalty Kill 4 Players Defense
Defense Defense Time % Phy DF OF
1 Oliver Ekman-Larsson Nate Schmidt 50 1 2 2
2 Dylan Samberg Olli Maatta 50 1 2 2
Penalty Kill - 3 Players Forward
Forward Time % Phy DF OF
1 Connor McDavid 50 1 2 2
2 Connor Bedard 50 1 2 2
Penalty Kill - 3 Players Defense
Defense Defense Time % Phy DF OF
1 Oliver Ekman-Larsson Nate Schmidt 50 1 2 2
2 Dylan Samberg Olli Maatta 50 1 2 2
4 vs 4 Forward
Center Wing Time % Phy DF OF
1 Connor McDavid Connor Bedard 50 1 2 2
2 Alexis Lafreniere Adam Lowry 50 1 2 2
4 vs 4 Defense
Defense Defense Time % Phy DF OF
1 Oliver Ekman-Larsson Nate Schmidt 50 1 2 2
2 Dylan Samberg Olli Maatta 50 1 2 2
Last Minutes Offensive
Center Left Wing Right Wing Defense Defense
Connor McDavid Alexis Lafreniere Vladislav Namestnikov Oliver Ekman-Larsson Nate Schmidt
Last Minutes Defensive
Center Left Wing Right Wing Defense Defense
Connor McDavid Alexis Lafreniere Vladislav Namestnikov Oliver Ekman-Larsson Nate Schmidt
Goaltenders
Starting : Martin Jones
Backup : Ukko-Pekka Luukkonen
Extra Forwards
Normal : Taylor Hall, Barclay Goodrow, Jason Zucker - PP : Taylor Hall, Barclay Goodrow - PK : Jason Zucker
Extra Defensemen
Normal : Haydn Fleury, Michael Kesselring, Dylan Samberg - PP : Haydn Fleury - PK : Michael Kesselring, Dylan Samberg
Penalty Shots
Connor McDavid, Connor Bedard, Alexis Lafreniere, Adam Lowry, Vladislav Namestnikov
Scratches
Sam Steel (Healthy), Brayden Pachal (Healthy)
% Time on Ice - Calgary Flames
Lines # - Real PCT - Wanted PCT - Time Play
Normal Forward
1 - 30% - 30% - 11:50
2 - 30% - 30% - 11:51
3 - 24% - 25% - 9:19
4 - 16% - 15% - 6:07
Normal Defense
1 - 35% - 35% - 13:43
2 - 34% - 35% - 13:27
3 - 31% - 30% - 11:57
4 - 0% - 0% - 0:00
PP Forward
1 - 49% - 50% - 7:40
2 - 51% - 50% - 8:08
PP Defense
1 - 51% - 50% - 8:07
2 - 49% - 50% - 7:41
PK Forward
1 - 43% - 50% - 1:03
2 - 57% - 50% - 1:24
PK Defense
1 - 50% - 50% - 1:13
2 - 50% - 50% - 1:14
PK3 Forward
1 - 0% - 50%
2 - 0% - 50%
PK3 Defense
1 - 0% - 50%
2 - 0% - 50%
44 Forward
1 - 64% - 50% - 0:58
2 - 36% - 50% - 0:33
44 Defense
1 - 51% - 50% - 0:46
2 - 49% - 50% - 0:45
Last Minute Offensive - 0:00
Last Minute Defensive - 1:07
Total
Forward - 60:00
Defense - 60:00
|
% Time on Ice - Winnipeg Jets
Lines # - Real PCT - Wanted PCT - Time Play
Normal Forward
1 - 30% - 30% - 11:45
2 - 32% - 30% - 12:22
3 - 24% - 25% - 9:17
4 - 14% - 15% - 5:35
Normal Defense
1 - 36% - 35% - 14:05
2 - 35% - 35% - 13:38
3 - 29% - 30% - 11:16
4 - 0% - 0% - 0:00
PP Forward
1 - 52% - 50% - 1:16
2 - 48% - 50% - 1:11
PP Defense
1 - 54% - 50% - 1:19
2 - 46% - 50% - 1:08
PK Forward
1 - 50% - 50% - 7:52
2 - 50% - 50% - 7:56
PK Defense
1 - 50% - 50% - 7:54
2 - 50% - 50% - 7:54
PK3 Forward
1 - 0% - 50%
2 - 0% - 50%
PK3 Defense
1 - 0% - 50%
2 - 0% - 50%
44 Forward
1 - 54% - 50% - 0:49
2 - 46% - 50% - 0:42
44 Defense
1 - 74% - 50% - 1:07
2 - 26% - 50% - 0:24
Last Minute Offensive - 1:15
Last Minute Defensive - 0:00
Total
Forward - 60:00
Defense - 60:00
|
Play-by-Play
1st period
0:01 of 1st period - Vladislav Namestnikov wins face-off versus J.T. Miller in neutral zone.
0:37 of 1st period - Snap shot by Zach Hyman.
0:37 of 1st period - Shot Misses the Net.
0:48 of 1st period - Minor Penalty to Oliver Ekman-Larsson for Delaying the game.
0:49 of 1st period - Connor McDavid wins face-off versus Matthew Tkachuk in Winnipeg Jets zone.
1:03 of 1st period - Snap shot by Chris Kreider.
1:03 of 1st period - Stopped by Martin Jones with a rebound.
1:05 of 1st period - Slapshot by Jeremy Lauzon.
1:05 of 1st period - Shot Blocked by Dylan Samberg.
1:55 of 1st period - Nate Schmidt is hit by Matthew Tkachuk and loses puck.
2:48 of 1st period - Penalty to Oliver Ekman-Larsson is over, Oliver Ekman-Larsson is back on ice.
2:52 of 1st period - Oliver Ekman-Larsson is hit by Oliver Bjorkstrand and loses puck.
3:03 of 1st period - Wrist shot by Bo Horvat.
3:03 of 1st period - Stopped by Martin Jones with a rebound.
4:35 of 1st period - Snap shot by Connor McDavid.
4:35 of 1st period - Stopped by Ilya Sorokin with a rebound.
4:51 of 1st period - Minor Penalty to Oliver Ekman-Larsson for Tripping.
4:52 of 1st period - Alexis Lafreniere wins face-off versus J.T. Miller in Winnipeg Jets zone.
5:02 of 1st period - Wrist shot by Matthew Tkachuk.
5:02 of 1st period - Stopped by Martin Jones with a rebound.
6:51 of 1st period - Penalty to Oliver Ekman-Larsson is over, Oliver Ekman-Larsson is back on ice.
7:05 of 1st period - Minor Penalty to Michael Kesselring for Tripping.
7:06 of 1st period - Alexis Lafreniere wins face-off versus J.T. Miller in Winnipeg Jets zone.
9:01 of 1st period - Connor McDavid is hit by Nic Dowd.
9:05 of 1st period - Penalty to Michael Kesselring is over, Michael Kesselring is back on ice.
9:39 of 1st period - Minor Penalty to Jason Zucker for High sticking.
9:40 of 1st period - J.T. Miller wins face-off versus Connor McDavid in Winnipeg Jets zone.
11:39 of 1st period - Penalty to Jason Zucker is over, Jason Zucker is back on ice.
11:55 of 1st period - Andre Burakovsky is hit by Kris Letang and loses puck.
12:16 of 1st period - Wrist shot by Taylor Hall.
12:16 of 1st period - Shot Misses the Net.
14:00 of 1st period - Kris Letang is hit by Joel Armia and loses puck.
14:11 of 1st period - Nicholas Paul is hit by Adam Lowry and loses puck.
14:28 of 1st period - Bo Horvat is hit by Alexis Lafreniere and loses puck.
15:56 of 1st period - Kris Letang is hit by Adam Lowry and loses puck.
16:09 of 1st period - Wrist shot by Connor McDavid.
16:09 of 1st period - Shot Misses the Net.
16:21 of 1st period - Wrist shot by Nicholas Paul.
16:21 of 1st period - Stopped by Martin Jones without a rebound.
16:22 of 1st period - Sebastian Aho wins face-off versus Connor Bedard in Winnipeg Jets zone.
16:23 of 1st period - Slapshot by Joel Eriksson Ek.
16:23 of 1st period - Shot Misses the Net.
17:05 of 1st period - Off-side.
17:06 of 1st period - Connor McDavid wins face-off versus Bo Horvat in neutral zone.
17:29 of 1st period - Oliver Ekman-Larsson is hit by Bo Horvat.
17:37 of 1st period - Snap shot by Connor McDavid.
17:37 of 1st period - Stopped by Ilya Sorokin with a rebound.
17:39 of 1st period - Wrist shot by Nate Schmidt.
17:39 of 1st period - Stopped by Ilya Sorokin with a rebound.
17:41 of 1st period - Snap shot by Alexis Lafreniere.
17:41 of 1st period - Shot Blocked by Kris Letang.
17:43 of 1st period - Snap shot by Connor McDavid.
17:43 of 1st period - Shot Blocked by Pavel Zacha.
17:45 of 1st period - Snap shot by Alexis Lafreniere.
17:45 of 1st period - Stopped by Ilya Sorokin without a rebound.
17:46 of 1st period - J.T. Miller wins face-off versus Connor Bedard in Calgary Flames zone.
17:52 of 1st period - Off-side.
17:53 of 1st period - J.T. Miller wins face-off versus Connor Bedard in neutral zone.
17:58 of 1st period - Snap shot by J.T. Miller.
17:58 of 1st period - Shot Blocked by Olli Maatta.
18:00 of 1st period - Slapshot by Cale Makar.
18:00 of 1st period - Stopped by Martin Jones without a rebound.
18:01 of 1st period - J.T. Miller wins face-off versus Connor Bedard in Winnipeg Jets zone.
18:02 of 1st period - Wrist shot by Matthew Tkachuk.
18:02 of 1st period - Shot Misses the Net.
18:04 of 1st period - Slapshot by Kris Letang.
18:04 of 1st period - Deflect By J.T. Miller.
18:04 of 1st period - Shot Blocked by Dylan Samberg.
18:04 of 1st period - Puck is out of play.
18:05 of 1st period - Connor Bedard wins face-off versus Matthew Tkachuk in Winnipeg Jets zone.
19:23 of 1st period - Minor Penalty to Alexis Lafreniere for Goalie Interference.
19:24 of 1st period - Sebastian Aho wins face-off versus Jason Zucker in Winnipeg Jets zone.
19:27 of 1st period - Snap shot by Pavel Zacha.
19:27 of 1st period - Stopped by Martin Jones with a rebound.
19:39 of 1st period - Slapshot by Drew Doughty.
19:39 of 1st period - Deflect By Sebastian Aho.
19:39 of 1st period - Stopped by Martin Jones with a rebound.
Goals for this period are 0 for Calgary Flames vs 0 for Winnipeg Jets.
Shots for this period are 7 for Calgary Flames vs 4 for Winnipeg Jets.
2nd period
0:01 of 2nd period - Sebastian Aho wins face-off versus Connor McDavid in neutral zone.
0:10 of 2nd period - Snap shot by Connor Bedard.
0:10 of 2nd period - Stopped by Ilya Sorokin without a rebound.
0:11 of 2nd period - J.T. Miller wins face-off versus Jason Zucker in Calgary Flames zone.
0:20 of 2nd period - Snap shot by Adam Lowry.
0:20 of 2nd period - Shot Blocked by Drew Doughty.
0:22 of 2nd period - Slapshot by Olli Maatta.
0:22 of 2nd period - Stopped by Ilya Sorokin with a rebound.
0:40 of 2nd period - Slapshot by Zach Hyman.
0:40 of 2nd period - Stopped by Martin Jones without a rebound.
0:41 of 2nd period - Sebastian Aho wins face-off versus Jason Zucker in Winnipeg Jets zone.
1:23 of 2nd period - Penalty to Alexis Lafreniere is over, Alexis Lafreniere is back on ice.
1:31 of 2nd period - Snap shot by Connor McDavid.
1:31 of 2nd period - Shot Blocked by Matthew Tkachuk.
1:47 of 2nd period - Slapshot by Chris Kreider.
1:47 of 2nd period - Deflect By J.T. Miller.
1:47 of 2nd period - Shot Misses the Net.
1:47 of 2nd period - Puck is out of play.
1:48 of 2nd period - Adam Lowry wins face-off versus Sebastian Aho in Winnipeg Jets zone.
1:55 of 2nd period - Sebastian Aho is hit by Jason Zucker and loses puck.
2:03 of 2nd period - Off-side.
2:04 of 2nd period - Connor Bedard wins face-off versus Bo Horvat in neutral zone.
2:14 of 2nd period - Oliver Bjorkstrand is hit by Olli Maatta and loses puck.
2:31 of 2nd period - Drew Doughty is hit by Dylan Samberg and loses puck.
2:38 of 2nd period - Wrist shot by Adam Lowry.
2:38 of 2nd period - Shot Misses the Net.
2:57 of 2nd period - Cale Makar is hit by Jason Zucker and loses puck.
3:06 of 2nd period - Snap shot by Jason Zucker.
3:06 of 2nd period - Stopped by Ilya Sorokin without a rebound.
3:07 of 2nd period - Connor Bedard wins face-off versus J.T. Miller in Calgary Flames zone.
3:14 of 2nd period - Snap shot by Joel Armia.
3:14 of 2nd period - Stopped by Ilya Sorokin without a rebound.
3:15 of 2nd period - J.T. Miller wins face-off versus Connor Bedard in Calgary Flames zone.
3:28 of 2nd period - Chris Kreider is hit by Olli Maatta and loses puck.
3:39 of 2nd period - Chris Kreider is hit by Connor Bedard and loses puck.
4:02 of 2nd period - Snap shot by Connor Bedard.
4:02 of 2nd period - Shot Misses the Net.
4:12 of 2nd period - Kris Letang is hit by Oliver Ekman-Larsson and loses puck.
4:19 of 2nd period - Joel Armia is hit by Chris Kreider and loses puck.
4:26 of 2nd period - Snap shot by Chris Kreider.
4:26 of 2nd period - Shot Misses the Net.
4:28 of 2nd period - Snap shot by Chris Kreider.
4:28 of 2nd period - Shot Blocked by Oliver Ekman-Larsson.
4:30 of 2nd period - Wrist shot by Matthew Tkachuk.
4:30 of 2nd period - Shot Blocked by Oliver Ekman-Larsson.
4:50 of 2nd period - Slapshot by J.T. Miller.
4:50 of 2nd period - Stopped by Martin Jones without a rebound.
4:51 of 2nd period - Connor McDavid wins face-off versus Sebastian Aho in Winnipeg Jets zone.
4:53 of 2nd period - Minor Penalty to Alexis Lafreniere for Interference.
4:54 of 2nd period - Pavel Zacha wins face-off versus Jason Zucker in Winnipeg Jets zone.
4:56 of 2nd period - Wrist shot by Zach Hyman.
4:56 of 2nd period - Stopped by Martin Jones with a rebound.
4:58 of 2nd period - Wrist shot by Zach Hyman.
4:58 of 2nd period - Goal by Zach Hyman - Calgary Flames : 1 - Winnipeg Jets : 0.
4:59 of 2nd period - Connor McDavid wins face-off versus Zach Hyman in neutral zone.
5:26 of 2nd period - Oliver Bjorkstrand is hit by Haydn Fleury.
5:59 of 2nd period - Filip Hronek is hit by Ridly Greig and loses puck.
6:34 of 2nd period - Wrist shot by Jason Zucker.
6:34 of 2nd period - Stopped by Ilya Sorokin without a rebound.
6:35 of 2nd period - Sebastian Aho wins face-off versus Adam Lowry in Calgary Flames zone.
6:50 of 2nd period - Slapshot by Zach Hyman.
6:50 of 2nd period - Shot Misses the Net.
7:22 of 2nd period - Slapshot by Connor McDavid.
7:22 of 2nd period - Shot Misses the Net.
7:24 of 2nd period - Slapshot by Connor McDavid.
7:24 of 2nd period - Shot Blocked by Jeremy Lauzon.
7:46 of 2nd period - Snap shot by Mathieu Joseph.
7:46 of 2nd period - Shot Blocked by Olli Maatta.
7:54 of 2nd period - Wrist shot by Sebastian Aho.
7:54 of 2nd period - Deflect By Zach Hyman.
7:54 of 2nd period - Shot Misses the Net.
7:54 of 2nd period - Puck is out of play.
7:55 of 2nd period - Connor McDavid wins face-off versus Sebastian Aho in Winnipeg Jets zone.
8:22 of 2nd period - Bo Horvat is hit by Dylan Samberg and loses puck.
8:33 of 2nd period - Slapshot by Oliver Bjorkstrand.
8:33 of 2nd period - Shot Blocked by Dylan Samberg.
9:11 of 2nd period - Slapshot by Ridly Greig.
9:11 of 2nd period - Shot Blocked by Kris Letang.
9:13 of 2nd period - Snap shot by Taylor Hall.
9:13 of 2nd period - Shot Misses the Net.
9:15 of 2nd period - Wrist shot by Olli Maatta.
9:15 of 2nd period - Deflect By Taylor Hall.
9:15 of 2nd period - Stopped by Ilya Sorokin without a rebound.
9:16 of 2nd period - J.T. Miller wins face-off versus Connor McDavid in Calgary Flames zone.
9:25 of 2nd period - Snap shot by Alexis Lafreniere.
9:25 of 2nd period - Shot Misses the Net.
10:10 of 2nd period - Bo Horvat is hit by Michael Kesselring.
10:15 of 2nd period - Off-side.
10:16 of 2nd period - Sebastian Aho wins face-off versus Adam Lowry in neutral zone.
10:23 of 2nd period - Snap shot by Zach Hyman.
10:23 of 2nd period - Stopped by Martin Jones with a rebound.
10:25 of 2nd period - Wrist shot by Joel Eriksson Ek.
10:25 of 2nd period - Shot Misses the Net.
10:27 of 2nd period - Slapshot by Jeremy Lauzon.
10:27 of 2nd period - Shot Blocked by Nate Schmidt.
10:47 of 2nd period - Wrist shot by Pavel Zacha.
10:47 of 2nd period - Shot Blocked by Michael Kesselring.
11:16 of 2nd period - Taylor Hall is hit by Jeremy Lauzon.
12:45 of 2nd period - Ridly Greig is hit by Mathieu Joseph and loses puck.
13:12 of 2nd period - Snap shot by Mathieu Joseph.
13:12 of 2nd period - Deflect By Nicholas Paul.
13:12 of 2nd period - Shot Misses the Net.
13:12 of 2nd period - Puck is out of play.
13:13 of 2nd period - Connor McDavid wins face-off versus Sebastian Aho in Winnipeg Jets zone.
13:18 of 2nd period - Cale Makar is hit by Alexis Lafreniere and loses puck.
13:25 of 2nd period - Slapshot by Cale Makar.
13:25 of 2nd period - Stopped by Martin Jones with a rebound.
13:50 of 2nd period - Nate Schmidt is hit by Chris Kreider and loses puck.
14:12 of 2nd period - Snap shot by Connor Bedard.
14:12 of 2nd period - Stopped by Ilya Sorokin without a rebound.
14:13 of 2nd period - Connor McDavid wins face-off versus Sebastian Aho in Calgary Flames zone.
14:26 of 2nd period - Wrist shot by Joel Eriksson Ek.
14:26 of 2nd period - Shot Misses the Net.
14:28 of 2nd period - Slapshot by Kris Letang.
14:28 of 2nd period - Stopped by Martin Jones without a rebound.
14:29 of 2nd period - Chris Kreider wins face-off versus Connor Bedard in Winnipeg Jets zone.
15:00 of 2nd period - Snap shot by Sebastian Aho.
15:00 of 2nd period - Stopped by Martin Jones with a rebound.
15:02 of 2nd period - Slapshot by Jeremy Lauzon.
15:02 of 2nd period - Stopped by Martin Jones with a rebound.
15:37 of 2nd period - Adam Lowry is hit by J.T. Miller and loses puck.
15:48 of 2nd period - Snap shot by J.T. Miller.
15:48 of 2nd period - Goal by J.T. Miller - Calgary Flames : 2 - Winnipeg Jets : 0.
15:49 of 2nd period - Sebastian Aho wins face-off versus Vladislav Namestnikov in neutral zone.
16:00 of 2nd period - Wrist shot by Vladislav Namestnikov.
16:00 of 2nd period - Stopped by Ilya Sorokin without a rebound.
16:01 of 2nd period - Connor McDavid wins face-off versus J.T. Miller in Calgary Flames zone.
16:08 of 2nd period - Snap shot by Alexis Lafreniere.
16:08 of 2nd period - Deflect By Vladislav Namestnikov.
16:08 of 2nd period - Stopped by Ilya Sorokin with a rebound.
16:28 of 2nd period - Joel Eriksson Ek is hit by Oliver Ekman-Larsson and loses puck.
17:27 of 2nd period - Icing by Filip Hronek.
17:28 of 2nd period - Chris Kreider wins face-off versus Connor McDavid in Calgary Flames zone.
17:37 of 2nd period - Snap shot by Chris Kreider.
17:37 of 2nd period - Stopped by Martin Jones with a rebound.
17:39 of 2nd period - Wrist shot by Chris Kreider.
17:39 of 2nd period - Stopped by Martin Jones with a rebound.
17:41 of 2nd period - Slapshot by Chris Kreider.
17:41 of 2nd period - Stopped by Martin Jones with a rebound.
17:43 of 2nd period - Slapshot by Jake Middleton.
17:43 of 2nd period - Stopped by Martin Jones without a rebound.
17:44 of 2nd period - Connor Bedard wins face-off versus Sebastian Aho in Winnipeg Jets zone.
17:44 of 2nd period - Connor Bedard is hit by Sebastian Aho.
18:10 of 2nd period - Vladislav Namestnikov is hit by Jeremy Lauzon and loses puck.
18:21 of 2nd period - Backhand shot by J.T. Miller.
18:21 of 2nd period - Shot Misses the Net.
18:48 of 2nd period - Snap shot by Oliver Bjorkstrand.
18:48 of 2nd period - Stopped by Martin Jones with a rebound.
18:50 of 2nd period - Snap shot by Bo Horvat.
18:50 of 2nd period - Stopped by Martin Jones with a rebound.
18:52 of 2nd period - Backhand shot by Pavel Zacha.
18:52 of 2nd period - Deflect By Bo Horvat.
18:52 of 2nd period - Stopped by Martin Jones without a rebound.
18:53 of 2nd period - Connor Bedard wins face-off versus Joel Eriksson Ek in Winnipeg Jets zone.
19:19 of 2nd period - Pavel Zacha is hit by Alexis Lafreniere.
19:25 of 2nd period - Wrist shot by Connor McDavid.
19:25 of 2nd period - Shot Misses the Net.
19:37 of 2nd period - Minor Penalty to Barclay Goodrow for Holding.
19:38 of 2nd period - Sebastian Aho wins face-off versus Connor McDavid in Winnipeg Jets zone.
Goals for this period are 2 for Calgary Flames vs 0 for Winnipeg Jets.
Shots for this period are 17 for Calgary Flames vs 9 for Winnipeg Jets.
3rd period
0:01 of 3rd period - Connor McDavid wins face-off versus J.T. Miller in neutral zone.
0:06 of 3rd period - Wrist shot by Connor Bedard.
0:06 of 3rd period - Shot Blocked by Chris Kreider.
0:14 of 3rd period - Snap shot by Connor McDavid.
0:14 of 3rd period - Stopped by Ilya Sorokin with a rebound.
0:16 of 3rd period - Slapshot by Connor Bedard.
0:16 of 3rd period - Stopped by Ilya Sorokin with a rebound.
0:37 of 3rd period - Snap shot by Sebastian Aho.
0:37 of 3rd period - Stopped by Martin Jones without a rebound.
0:38 of 3rd period - Sebastian Aho wins face-off versus Alexis Lafreniere in Winnipeg Jets zone.
0:59 of 3rd period - Slapshot by Matthew Tkachuk.
0:59 of 3rd period - Goal by Matthew Tkachuk - Calgary Flames : 3 - Winnipeg Jets : 0.
1:00 of 3rd period - Connor Bedard wins face-off versus Sebastian Aho in neutral zone.
1:31 of 3rd period - Snap shot by Connor McDavid.
1:31 of 3rd period - Stopped by Ilya Sorokin with a rebound.
1:37 of 3rd period - Snap shot by Alexis Lafreniere.
1:37 of 3rd period - Shot Blocked by Jake Middleton.
1:39 of 3rd period - Snap shot by Connor McDavid.
1:39 of 3rd period - Stopped by Ilya Sorokin without a rebound.
1:40 of 3rd period - Sebastian Aho wins face-off versus Adam Lowry in Calgary Flames zone.
2:11 of 3rd period - Slapshot by Chris Kreider.
2:11 of 3rd period - Shot Blocked by Dylan Samberg.
2:31 of 3rd period - Snap shot by Connor McDavid.
2:31 of 3rd period - Stopped by Ilya Sorokin with a rebound.
2:33 of 3rd period - Snap shot by Vladislav Namestnikov.
2:33 of 3rd period - Goal by Vladislav Namestnikov - Calgary Flames : 3 - Winnipeg Jets : 1.
2:34 of 3rd period - J.T. Miller wins face-off versus Connor McDavid in neutral zone.
2:45 of 3rd period - Slapshot by Matthew Tkachuk.
2:45 of 3rd period - Shot Misses the Net.
3:01 of 3rd period - Michael Kesselring is hit by Sebastian Aho and loses puck.
3:20 of 3rd period - Wrist shot by Adam Lowry.
3:20 of 3rd period - Stopped by Ilya Sorokin with a rebound.
3:22 of 3rd period - Slapshot by Oliver Ekman-Larsson.
3:22 of 3rd period - Shot Misses the Net.
3:24 of 3rd period - Slapshot by Oliver Ekman-Larsson.
3:24 of 3rd period - Shot Blocked by Pavel Zacha.
3:26 of 3rd period - Slapshot by Oliver Ekman-Larsson.
3:26 of 3rd period - Stopped by Ilya Sorokin with a rebound.
3:28 of 3rd period - Wrist shot by Adam Lowry.
3:28 of 3rd period - Stopped by Ilya Sorokin without a rebound.
3:29 of 3rd period - Sebastian Aho wins face-off versus Connor McDavid in Calgary Flames zone.
4:53 of 3rd period - Ridly Greig is hit by Nicholas Paul and loses puck.
5:14 of 3rd period - Wrist shot by Connor McDavid.
5:14 of 3rd period - Deflect By Vladislav Namestnikov.
5:14 of 3rd period - Shot Misses the Net.
5:14 of 3rd period - Puck is out of play.
5:15 of 3rd period - J.T. Miller wins face-off versus Connor Bedard in Calgary Flames zone.
5:24 of 3rd period - Wrist shot by Matthew Tkachuk.
5:24 of 3rd period - Shot Misses the Net.
5:40 of 3rd period - Wrist shot by Jason Zucker.
5:40 of 3rd period - Goal by Jason Zucker - Calgary Flames : 3 - Winnipeg Jets : 2.
5:41 of 3rd period - Connor McDavid wins face-off versus Sebastian Aho in neutral zone.
5:44 of 3rd period - Joel Eriksson Ek is hit by Vladislav Namestnikov and loses puck.
6:03 of 3rd period - Minor Penalty to Vladislav Namestnikov for Holding.
6:04 of 3rd period - J.T. Miller wins face-off versus Alexis Lafreniere in Winnipeg Jets zone.
6:05 of 3rd period - Snap shot by Matthew Tkachuk.
6:05 of 3rd period - Shot Misses the Net.
6:17 of 3rd period - Snap shot by J.T. Miller.
6:17 of 3rd period - Deflect By Matthew Tkachuk.
6:17 of 3rd period - Stopped by Martin Jones without a rebound.
6:18 of 3rd period - Connor McDavid wins face-off versus Sebastian Aho in Winnipeg Jets zone.
6:26 of 3rd period - Off-side.
6:27 of 3rd period - Sebastian Aho wins face-off versus Alexis Lafreniere in neutral zone.
6:30 of 3rd period - Slapshot by Cale Makar.
6:30 of 3rd period - Stopped by Martin Jones with a rebound.
7:07 of 3rd period - Wrist shot by Zach Hyman.
7:07 of 3rd period - Deflect By Oliver Ekman-Larsson.
7:07 of 3rd period - Shot Blocked by Oliver Ekman-Larsson.
7:07 of 3rd period - Puck is out of play.
7:08 of 3rd period - J.T. Miller wins face-off versus Connor McDavid in Winnipeg Jets zone.
7:13 of 3rd period - Snap shot by Matthew Tkachuk.
7:13 of 3rd period - Stopped by Martin Jones with a rebound.
7:15 of 3rd period - Snap shot by Chris Kreider.
7:15 of 3rd period - Shot Hit the Post.
7:17 of 3rd period - Snap shot by J.T. Miller.
7:17 of 3rd period - Shot Blocked by Nate Schmidt.
7:19 of 3rd period - Slapshot by J.T. Miller.
7:19 of 3rd period - Deflect By Matthew Tkachuk.
7:19 of 3rd period - Shot Misses the Net.
7:19 of 3rd period - Puck is out of play.
7:20 of 3rd period - Connor McDavid wins face-off versus J.T. Miller in Winnipeg Jets zone.
7:31 of 3rd period - Snap shot by Chris Kreider.
7:31 of 3rd period - Stopped by Martin Jones with a rebound.
7:47 of 3rd period - Connor McDavid is hit by Jeremy Lauzon and loses puck.
8:03 of 3rd period - Penalty to Vladislav Namestnikov is over, Vladislav Namestnikov is back on ice.
8:08 of 3rd period - Snap shot by Adam Lowry.
8:08 of 3rd period - Deflect By Vladislav Namestnikov.
8:08 of 3rd period - Shot Misses the Net.
8:08 of 3rd period - Puck is out of play.
8:09 of 3rd period - Connor Bedard wins face-off versus Chris Kreider in Calgary Flames zone.
8:39 of 3rd period - Snap shot by Filip Hronek.
8:39 of 3rd period - Stopped by Martin Jones with a rebound.
8:47 of 3rd period - Wrist shot by Jason Zucker.
8:47 of 3rd period - Stopped by Ilya Sorokin without a rebound.
8:48 of 3rd period - Bo Horvat wins face-off versus Connor McDavid in Calgary Flames zone.
9:29 of 3rd period - Minor Penalty to Jeremy Lauzon for Tripping.
9:30 of 3rd period - Connor McDavid wins face-off versus J.T. Miller in Calgary Flames zone.
9:40 of 3rd period - Olli Maatta is hit by Joel Eriksson Ek and loses puck.
9:57 of 3rd period - Minor Penalty to Dylan Samberg for High sticking.
9:58 of 3rd period - J.T. Miller wins face-off versus Connor McDavid in Winnipeg Jets zone.
10:02 of 3rd period - Icing by Oliver Ekman-Larsson.
10:03 of 3rd period - Connor McDavid wins face-off versus J.T. Miller in Winnipeg Jets zone.
10:38 of 3rd period - Slapshot by Alexis Lafreniere.
10:38 of 3rd period - Stopped by Ilya Sorokin without a rebound.
10:39 of 3rd period - Sebastian Aho wins face-off versus Alexis Lafreniere in Calgary Flames zone.
10:46 of 3rd period - Olli Maatta is hit by Kris Letang and loses puck.
11:29 of 3rd period - Penalty to Jeremy Lauzon is over, Jeremy Lauzon is back on ice.
11:57 of 3rd period - Penalty to Dylan Samberg is over, Dylan Samberg is back on ice.
12:14 of 3rd period - Wrist shot by Adam Lowry.
12:14 of 3rd period - Stopped by Ilya Sorokin with a rebound.
13:20 of 3rd period - Minor Penalty to Zach Hyman for High sticking.
13:21 of 3rd period - Connor Bedard wins face-off versus J.T. Miller in Calgary Flames zone.
14:14 of 3rd period - Off-side.
14:15 of 3rd period - Connor McDavid wins face-off versus J.T. Miller in neutral zone.
14:22 of 3rd period - Snap shot by Connor McDavid.
14:22 of 3rd period - Shot Misses the Net.
14:24 of 3rd period - Slapshot by Olli Maatta.
14:24 of 3rd period - Deflect By Vladislav Namestnikov.
14:24 of 3rd period - Stopped by Ilya Sorokin with a rebound.
14:26 of 3rd period - Slapshot by Connor McDavid.
14:26 of 3rd period - Deflect By Alexis Lafreniere.
14:26 of 3rd period - Shot Misses the Net.
14:26 of 3rd period - Puck is out of play.
14:27 of 3rd period - Mason Appleton wins face-off versus Sebastian Aho in Calgary Flames zone.
15:20 of 3rd period - Penalty to Zach Hyman is over, Zach Hyman is back on ice.
15:24 of 3rd period - Snap shot by J.T. Miller.
15:24 of 3rd period - Stopped by Martin Jones without a rebound.
15:25 of 3rd period - Adam Lowry wins face-off versus Bo Horvat in Winnipeg Jets zone.
15:27 of 3rd period - Minor Penalty to Jason Zucker for High sticking.
15:28 of 3rd period - Connor McDavid wins face-off versus J.T. Miller in Winnipeg Jets zone.
16:02 of 3rd period - Wrist shot by Connor McDavid.
16:02 of 3rd period - Shot Misses the Net.
16:52 of 3rd period - Adam Lowry is hit by Cale Makar and loses puck.
17:27 of 3rd period - Penalty to Jason Zucker is over, Jason Zucker is back on ice.
17:31 of 3rd period - Barclay Goodrow is hit by Zach Hyman and loses puck.
17:38 of 3rd period - Wrist shot by Jason Zucker.
17:38 of 3rd period - Stopped by Ilya Sorokin without a rebound.
17:39 of 3rd period - Nicholas Paul wins face-off versus Ridly Greig in Calgary Flames zone.
17:46 of 3rd period - Wrist shot by Taylor Hall.
17:46 of 3rd period - Stopped by Ilya Sorokin without a rebound.
17:47 of 3rd period - Ridly Greig wins face-off versus Nicholas Paul in Calgary Flames zone.
17:52 of 3rd period - Wrist shot by Ridly Greig.
17:52 of 3rd period - Shot Misses the Net.
17:54 of 3rd period - Wrist shot by Andre Burakovsky.
17:54 of 3rd period - Shot Misses the Net.
17:56 of 3rd period - Slapshot by Haydn Fleury.
17:56 of 3rd period - Shot Blocked by Nic Dowd.
18:02 of 3rd period - Slapshot by Ridly Greig.
18:02 of 3rd period - Deflect By Jake Middleton.
18:02 of 3rd period - Shot Misses the Net.
18:02 of 3rd period - Puck is out of play.
18:03 of 3rd period - Adam Lowry wins face-off versus Bo Horvat in Calgary Flames zone.
18:34 of 3rd period - Winnipeg Jets, Martin Jones is pulled from the net.
18:52 of 3rd period - Slapshot by Alexis Lafreniere.
18:52 of 3rd period - Stopped by Ilya Sorokin without a rebound.
18:53 of 3rd period - Barry Trotz call a timeout for Winnipeg Jets.
18:53 of 3rd period - J.T. Miller wins face-off versus Connor McDavid in Calgary Flames zone.
19:00 of 3rd period - Slapshot by J.T. Miller.
19:00 of 3rd period - Shot Misses the Net.
19:02 of 3rd period - Wrist shot by Chris Kreider.
19:02 of 3rd period - Shot Blocked by Oliver Ekman-Larsson.
19:04 of 3rd period - Snap shot by Chris Kreider.
19:04 of 3rd period - Shot Misses the Net.
19:06 of 3rd period - Slapshot by Cale Makar.
19:06 of 3rd period - Deflect By Alexis Lafreniere.
19:06 of 3rd period - Shot Blocked by Oliver Ekman-Larsson.
19:06 of 3rd period - Puck is out of play.
19:07 of 3rd period - Martin Jones from Winnipeg Jets was sent back in the game.
19:07 of 3rd period - J.T. Miller wins face-off versus Connor McDavid in Winnipeg Jets zone.
19:12 of 3rd period - Slapshot by Matthew Tkachuk.
19:12 of 3rd period - Shot Misses the Net.
19:14 of 3rd period - Snap shot by Chris Kreider.
19:14 of 3rd period - Shot Misses the Net.
19:16 of 3rd period - Snap shot by Drew Doughty.
19:16 of 3rd period - Stopped by Martin Jones with a rebound.
19:18 of 3rd period - Slapshot by Drew Doughty.
19:18 of 3rd period - Shot Misses the Net.
19:22 of 3rd period - Snap shot by J.T. Miller.
19:22 of 3rd period - Shot Misses the Net.
19:24 of 3rd period - Snap shot by Cale Makar.
19:24 of 3rd period - Stopped by Martin Jones without a rebound.
19:25 of 3rd period - J.T. Miller wins face-off versus Connor McDavid in Winnipeg Jets zone.
19:34 of 3rd period - Wrist shot by J.T. Miller.
19:34 of 3rd period - Shot Misses the Net.
19:36 of 3rd period - Wrist shot by Chris Kreider.
19:36 of 3rd period - Stopped by Martin Jones without a rebound.
19:37 of 3rd period - Connor McDavid wins face-off versus Chris Kreider in Winnipeg Jets zone.
Goals for this period are 1 for Calgary Flames vs 2 for Winnipeg Jets.
Shots for this period are 11 for Calgary Flames vs 17 for Winnipeg Jets.
Back to the Top